 Dungeon Crawl Stone Soup version 0.30-a0-777-ga9a30cbeda (webtiles) character file.

Game seed: 15345906643429261244

852 Crownlay the Chiller (level 8, -5/69 (87) HPs)
             Began as a Gnoll Ice Elementalist on Feb 14, 2023.
             Slain by a wight
             ... wielding a +3 great sword
              (8 damage)
             ... on level 5 of the Dungeon.
             The game lasted 00:07:04 (5275 turns).

Crownlay the Chiller (Gnoll Ice Elementalist)       Turns: 5275, Time: 00:07:05

HP:   -5/69 (87)    AC: 11    Str: 14    XL:     8   Next: 1%
MP:   4/16          EV: 19    Int: 17    God:
Gold: 1296          SH:  5    Dex: 12    Spells: 11/18 levels left

rFire   . . .      SeeInvis .    w - +2 short sword (venom)
rCold   . . .      Faith    .    (no shield)
rNeg    . . .      Spirit   .    a - +0 robe
rPois   .          Reflect  +    g - +2 hat
rElec   .          Harm     .    (no cloak)
rCorr   .          Rampage  .    (no gloves)
Will    .....                    (no boots)
Stlth   x                          - amulet of reflection
HPRegen 0.31/turn                i - +6 ring of strength
MPRegen 0.15/turn                o - +5 ring of evasion

@: berserking, ice-armoured, freezing walls, heavily drained, very quick
A: fangs 1, strong nose, distributed training
a: no special abilities


You were on level 5 of the Dungeon.
You visited 1 branch of the dungeon, and saw 6 of its levels.

You collected 1296 gold pieces.

Inventory:

Hand Weapons
 w - a +2 short sword of venom (weapon)
Armour
 a - a +0 robe (worn)
 g - a +2 hat (worn)
Jewellery
 i - a +6 ring of strength (left hand)
 o - a +5 ring of evasion (right hand)
 x - an amulet of reflection (around neck)
 z - a +6 ring of strength
Wands
 y - a wand of polymorph (11)
Scrolls
 c - 2 scrolls of torment
 d - 2 scrolls of magic mapping {unknown}
 e - 2 scrolls of teleportation
 f - a scroll of vulnerability {unknown}
 k - a scroll of immolation {unknown}
 m - a scroll of fear {unknown}
 n - a scroll of poison {unknown}
 p - 3 scrolls of fog
 q - 2 scrolls of brand weapon {unknown}
 u - a scroll of noise {unknown}
 D - a scroll of silence {unknown}
Potions
 b - a potion of magic
 h - a potion of haste
 j - 2 potions of attraction
 l - a potion of mutation {unknown}
 r - a potion of ambrosia
 s - a potion of curing {unknown}
 t - a potion of flight
 v - a potion of cancellation
 B - a potion of brilliance {unknown}


   Skills:
 + Level 3.0 Fighting
 + Level 3.0 Short Blades
 + Level 3.0 Long Blades
 + Level 3.0 Axes
 + Level 3.0 Maces & Flails
 + Level 3.0 Polearms
 + Level 3.0 Staves
 + Level 3.0 Ranged Weapons
 + Level 3.0 Throwing
 + Level 3.0 Armour
 + Level 5.5 Dodging
 + Level 5.2 Stealth
 + Level 3.0 Shields
 + Level 3.0 Unarmed Combat
 + Level 5.9 Spellcasting
 + Level 2.4 Conjurations
 + Level 2.4 Hexes
 + Level 2.4 Summonings
 + Level 2.4 Necromancy
 + Level 2.4 Translocations
 + Level 2.4 Transmutations
 + Level 2.4 Fire Magic
 + Level 7.5 Ice Magic
 + Level 2.4 Air Magic
 + Level 2.4 Earth Magic
 + Level 2.4 Poison Magic
 + Level 3.3 Invocations
 + Level 3.0 Evocations


You had 11 spell levels left.
You knew the following spells:

 Your Spells              Type           Power      Damage    Failure   Level
a - Freeze                Ice            100%       1d10      1%          1
b - Frozen Ramparts       Ice            60%        1d10      1%          3
c - Ozocubu's Armour      Ice            30%        N/A       1%          3

Your spell library contained the following spells:

 Spells                   Type           Power      Damage    Failure   Level
 Apportation              Tloc           26%        N/A       4%          1
 Beastly Appendage        Tmut           26%        N/A       4%          1
 Necrotise                Necr           52%        1d6       4%          1
 Sandblast                Erth           26%        2d8       4%          1
 Summon Small Mammal      Summ           52%        N/A       4%          1
 Passwall                 Tmut/Erth      10%        N/A       8%          2
 Wereblood                Tmut           13%        N/A       8%          2
 Spider Form              Tmut/Pois      13%        N/A       14%         3
 Stone Arrow              Conj/Erth      26%        3d8       14%         3
 Ice Form                 Ice/Tmut       22%        N/A       17%         4
 Summon Ice Beast         Ice/Summ       22%        N/A       17%         4


Dungeon Overview and Level Annotations

Branches:
Dungeon (6/15)
 Temple: D:4-7

Altars:
Elyvilon
Xom

Shops:
D:4 *

Annotations:
D:6 Eustachio


Innate Abilities, Weirdness & Mutations

You have very sharp teeth.
Your uncanny sense of smell can sniff out nearby items.
Your experience applies equally to all skills.


Message History

The wight is moderately damaged.
The wight completely resists.
The wall freezes the wight but does no damage.
The wight misses you.
You hit the wight.
The wight is heavily damaged.
The wight completely resists.
The wall freezes the wight but does no damage.
The wight completely misses you.
You hit the wight.
The wight is severely damaged.
The frozen ramparts melt away.
The wight completely misses you.
You hit the wight but do no damage.
The wight is severely damaged.
You hit the wight but do no damage.
The wight is severely damaged.
The wight hits you with a +3 great sword!
You feel drained.
Casting: Frozen Ramparts (safe; 1% risk of failure)
Confirm with . or Enter, or press ? or * to list all spells.
Casting: Frozen Ramparts (safe; 1% risk of failure)
Press: ? - help, Dir - look around, f - activate The walls around you are covered in ice.
The wight completely resists.
The wall freezes the wight but does no damage.
The wight hits you with a +3 great sword!
* * * LOW HITPOINT WARNING * * *
You feel drained.
* * * LOW HITPOINT WARNING * * *
You barely miss the wight.
The wight is severely damaged.
The wight completely resists.
The wall freezes the wight but does no damage.
You block the wight's attack.
It was a potion of berserk rage.
A red film seems to cover your vision as you go berserk!
You feel yourself moving faster!
You feel mighty!
The wall freezes the wight but does no damage.
The wight hits you with a +3 great sword!
You die...

##### #.....#####.........#
####...###.....##....###.....#
.##............#(.###....#####
.........#............####
.#.......#.....##.############
...............##.####.......#
#.........##..)).[(..........#
##...........####<####.......#
##.......##.<#.z@.###..#######
...............###....##
.#...........#####.####
#..#..........#....#####
##.####.##.............#
########
#.####.......##.......###.....##
#.[##........##.......##........
##>...............#####.........
#####......##....### #.........


You could see a wight.

Vanquished Creatures
  A phantom (D:4)
  2 scorpions (D:5)
  2 wights (D:5)
  2 howler monkeys
  3 hounds
  An orc priest (D:5)
  A jelly (D:5)
  5 orc wizards
  10 adders
  2 shadow imps (D:5)
  A worm (D:2)
  3 dart slugs
  14 orcs
  7 ball pythons
  3 endoplasms
  2 giant cockroaches
  7 goblins
  2 hobgoblins
  6 jackals
  9 quokkas
  3 bats
  2 frilled lizards
  9 kobolds
  6 rats
103 creatures vanquished.

Vanquished Creatures (others)
  4 plants (D:2)
4 creatures vanquished.

Grand Total: 107 creatures vanquished

Notes
Turn   | Place    | Note
-------+----------+-------------------------------------------
     0 | D:1      | Crownlay the Gnoll Ice Elementalist began the quest for the
                  | Orb.
     0 | D:1      | Reached XP level 1. HP: 13/13 MP: 6/6
   202 | D:1      | Reached XP level 2. HP: 19/19 MP: 5/7
   764 | D:1      | Found a faded altar of an unknown god.
  1031 | D:1      | Reached skill level 5 in Spellcasting
  1031 | D:1      | Reached XP level 3. HP: 25/25 MP: 4/9
  1035 | D:1      | Learned a level 3 spell: Frozen Ramparts
  1039 | D:1      | Learned a level 3 spell: Ozocubu's Armour
  1371 | D:2      | Reached skill level 1 in Invocations
  1499 | D:2      | Found a shimmering altar of Xom.
  1648 | D:2      | Reached skill level 1 in Fighting
  1648 | D:2      | Reached skill level 1 in Short Blades
  1648 | D:2      | Reached skill level 1 in Long Blades
  1648 | D:2      | Reached skill level 1 in Axes
  1648 | D:2      | Reached skill level 1 in Maces & Flails
  1648 | D:2      | Reached skill level 1 in Polearms
  1648 | D:2      | Reached skill level 1 in Staves
  1648 | D:2      | Reached skill level 1 in Ranged Weapons
  1648 | D:2      | Reached skill level 1 in Throwing
  1648 | D:2      | Reached skill level 1 in Armour
  1648 | D:2      | Reached skill level 1 in Shields
  1648 | D:2      | Reached skill level 1 in Unarmed Combat
  1648 | D:2      | Reached skill level 1 in Evocations
  2004 | D:2      | Reached XP level 4. HP: 32/32 MP: 9/11
  2361 | D:3      | Reached skill level 1 in Conjurations
  2361 | D:3      | Reached skill level 1 in Hexes
  2361 | D:3      | Reached skill level 1 in Summonings
  2361 | D:3      | Reached skill level 1 in Necromancy
  2361 | D:3      | Reached skill level 1 in Translocations
  2361 | D:3      | Reached skill level 1 in Transmutations
  2361 | D:3      | Reached skill level 1 in Fire Magic
  2361 | D:3      | Reached skill level 1 in Air Magic
  2361 | D:3      | Reached skill level 1 in Earth Magic
  2361 | D:3      | Reached skill level 1 in Poison Magic
  2853 | D:3      | Found a white marble altar of Elyvilon.
  2935 | D:3      | Identified a scroll of acquirement
  2963 | D:4      | Reached XP level 5. HP: 35/37 MP: 5/12
  3102 | D:4      | Identified the +2 mace of the Mouth {flame, rCorr}
  3130 | D:4      | Found Fikif's Lightly-Used Armoury.
  3158 | D:4      | Acquired 1032 gold pieces
  3298 | D:4      | Reached XP level 6. HP: 38/44 MP: 5/13
  3433 | D:4      | Reached skill level 5 in Dodging
  4101 | D:5      | Entered Level 5 of the Dungeon
  4320 | D:5      | Reached XP level 7. HP: 51/51 MP: 7/15
  4450 | D:5      | Reached skill level 5 in Stealth
  4920 | D:6      | Noticed Eustachio
  5265 | D:5      | Reached XP level 8. HP: 38/51 MP: 6/16
  5273 | D:5      | HP: 1/46 [wight/+3 great sword (2)]
  5275 | D:5      | Slain by a wight

Illustrated notes

Levels and vault maps discovered:
D:1:      denvon_arrival_waterhouse, layout_loops_corners,
          dreamdust_ecumenical_altar_hidden_monk_grotto, chequers_garden
D:2:      layout_rooms, basic_altar, serial_forest, infiniplex_forest_end_2,
          infiniplex_forest_clump_curved, infiniplex_forest_clump_small,
          infiniplex_forest_corner_1, infiniplex_forest_lined_room_3,
          infiniplex_forest_lined_room_2, infiniplex_forest_clump_long,
          infiniplex_forest_lined_room_3, infiniplex_forest_lined_3_way,
          infiniplex_forest_clump_cross, nicolae_kite_square_tiling_tiny,
          minmay_circle_x
D:3:      layout_basic, general_overflow_altar, dreamdust_mushroom_princess
D:4:      layout_loops_corners, minmay_shop_damaged,
          hangedman_abyss_or_decor_passed, kennysheep_generic_room_16
D:5:      layout_rooms
D:6:      layout_gridville, lemuel_round_altar, lemuel_temple_firewalk_b,
          serial_shops, nicolae_shop_trees, nicolae_take_the_stairs,
          lightli_corner_chamber, uniq_eustachio

Skill      XL: |  1  2  3  4  5  6  7 |
---------------+----------------------+-----
Spellcasting   | 5 |  5.9
Invocations    | 1 2 3 |  3.3
Fighting       | 1 2 3 |  3.0
Short Blades   | 1 2 3 |  3.0
Long Blades    | 1 2 3 |  3.0
Axes           | 1 2 3 |  3.0
Maces & Flails | 1 2 3 |  3.0
Polearms       | 1 2 3 |  3.0
Staves         | 1 2 3 |  3.0
Ranged Weapons | 1 2 3 |  3.0
Throwing       | 1 2 3 |  3.0
Armour         | 1 2 3 |  3.0
Shields        | 1 2 3 |  3.0
Unarmed Combat | 1 2 3 |  3.0
Evocations     | 1 2 3 |  3.0
Conjurations   | 1 2 |  2.4
Hexes          | 1 2 |  2.4
Summonings     | 1 2 |  2.4
Necromancy     | 1 2 |  2.4
Translocations | 1 2 |  2.4
Transmutations | 1 2 |  2.4
Fire Magic     | 1 2 |  2.4
Air Magic      | 1 2 |  2.4
Earth Magic    | 1 2 |  2.4
Poison Magic   | 1 2 |  2.4
Dodging        | 5 |  5.5
Stealth        | 5 |  5.2
Ice Magic      | |  7.5

Action                     |  1- 3 |  4- 6 |  7- 9 || total
---------------------------+-------+-------+-------++-------
  Melee: Unarmed           |     5 |       |       ||     5
         Dagger            |    22 |    66 |       ||    88
         Bite              |     1 |    10 |     9 ||    20
         Punch             |       |     1 |     6 ||     7
         Short sword       |       |    34 |    96 ||   130
   Cast: Freeze            |    39 |    50 |       ||    89
         Frozen Ramparts   |     2 |     7 |    10 ||    19
         Ozocubu's Armour  |     1 |     4 |     3 ||     8
    Use: Scroll            |       |     9 |     1 ||    10
         Potion            |       |       |     2 ||     2
   Stab: Sleeping          |     1 |       |     2 ||     3
 Armour: Robe              |    12 |    13 |     8 ||    33
  Dodge: Dodged            |    42 |    67 |    79 ||   188
  Block: Other             |       |       |    16 ||    16

Table legend: (Time is in decaauts)
 A = Elapsed time spent in this place.
 B = Non-inter-level travel time spent in this place.
 C = Inter-level travel time spent in this place.
 D = Time resting spent in this place.
 E = Time spent auto-exploring this place.
 F = Levels seen in this place.
 G = Mean time per level.
                   A        B        C        D        E       F      G
               +--------+--------+--------+--------+--------+-----+--------+
         Total |   5236 |   4988 |    248 |      0 |   4202 |   6 |  872.7 |
       Dungeon |   5236 |   4988 |    248 |      0 |   4202 |   6 |  872.7 |
               +--------+--------+--------+--------+--------+-----+--------+

Top non-repeatable levels by time:
     D:4: 1472 daAuts
     D:1: 1308 daAuts
     D:2: 936 daAuts
     D:5: 749 daAuts
     D:3: 703 daAuts
     D:6: 66 daAuts
